 Dungeon Crawl Stone Soup version 0.28-a0-465-ge2dae52223 (webtiles) character file.

Game seed: 2481397246895545917

108 Yaksher the Gusty (level 4, -9/24 HPs)
             Began as a Tengu Air Elementalist on Sept 14, 2021.
             Was a Follower of Sif Muna.
             Killed from afar by a white imp (11 damage)
             ... with a puff of frost
             ... summoned by Natasha
             ... on level 3 of the Dungeon.
             The game lasted 00:09:13 (3162 turns).

Yaksher the Gusty (Tengu Air Elementalist)          Turns: 3162, Time: 00:09:14

Health: -9/24      AC:  2    Str:  9    XL:     4   Next: 87%
Magic:  0/8        EV: 12    Int: 16    God:    Sif Muna [*.....]
Gold:   68         SH:  0    Dex: 14    Spells: 1/8 levels left

rFire   . . .      SeeInvis .   d - +0 short sword (drain)
rCold   . . .      Faith    .   (no shield)
rNeg    . . .      Spirit   .   a - +0 robe
rPois   .          Reflect  .   (helmet restricted)
rElec   .          Harm     .   (no cloak)
rCorr   .          Rampage  .   (no gloves)
Will    .....                   (boots unavailable)
Stlth   ++........              (no amulet)
HPRegen 0.08/turn               (no ring)
MPRegen 0.11/turn               (no ring)

@: flying
A: beak, talons 3
a: Renounce Religion, Channel Magic


You were on level 3 of the Dungeon.
You worshipped Sif Muna.
Sif Muna was aware of your devotion.
You visited 1 branch of the dungeon, and saw 3 of its levels.

You collected 68 gold pieces.

Inventory:

Hand Weapons
 d - a +0 short sword of draining (weapon)
Armour
 a - a +0 robe (worn)
 b - a scarf of shadows
Scrolls
 e - a scroll of amnesia {unknown}
 h - a scroll of enchant weapon {unknown}
 i - a scroll of silence {unknown}
 j - a scroll of brand weapon {unknown}
 l - a scroll of magic mapping {unknown}
Potions
 c - a potion of mutation {unknown}
 f - a potion of invisibility {unknown}
 k - a potion of lignification {unknown}


   Skills:
 - Level 2.2 Dodging
 - Level 2.2 Stealth
 + Level 2.5 Spellcasting
 * Level 3.6 Conjurations
 * Level 5.6 Air Magic
 + Level 0.0 Invocations


You had one spell level left.
You knew the following spells:

 Your Spells              Type           Power      Damage    Failure   Level
a - Shock                 Conj/Air       64%        1d7       3%          1
b - Static Discharge      Conj/Air       16%        N/A       4%          2
c - Airstrike             Air            9%         N/A       21%         4

Your spell library contained the following spells:

 Spells                   Type           Power      Damage    Failure   Level
 Swiftness                Air            19%        N/A       6%          3


Dungeon Overview and Level Annotations

Branches:
Dungeon (3/15)

Altars:
Sif Muna

Annotations:
D:3 Natasha, Robin, Sigmund


Innate Abilities, Weirdness & Mutations

You have a beak for a mouth.
You have claws for feet.


Message History

Casting: Shock (safe; 3% risk of failure)
Confirm with . or Enter, or press ? or * to list all spells.
Aiming: Shock (safe; 3% risk of failure)
Press: ? - help, Shift-Dir - straight line, f/p - Natasha
Aim: Natasha (moderately wounded, 64% to hit)
The zap misses Natasha.
Casting: Shock (safe; 3% risk of failure)
Confirm with . or Enter, or press ? or * to list all spells.
Aiming: Shock (safe; 3% risk of failure)
Press: ? - help, Shift-Dir - straight line, f/p - Natasha
Aim: Natasha (moderately wounded, 64% to hit)
The zap hits Natasha.
Natasha is heavily wounded.
Natasha mumbles some strange words.
Casting: Shock (safe; 3% risk of failure)
Confirm with . or Enter, or press ? or * to list all spells.
Aiming: Shock (safe; 3% risk of failure)
Press: ? - help, Shift-Dir - straight line, f/p - Natasha
Aim: Natasha (heavily wounded, 64% to hit)
The zap hits the white imp.
The white imp is lightly wounded.
The zap hits Natasha.
Natasha is heavily wounded.
The white imp hits you. The white imp freezes you.
Casting: Shock (safe; 3% risk of failure)
Confirm with . or Enter, or press ? or * to list all spells.
The white imp is struck by an arc of lightning!
The white imp is severely wounded.
You are struck by an arc of lightning.
* * * LOW HITPOINT WARNING * * *
The lightning grounds out.
The white imp hits you.
* * * LOW HITPOINT WARNING * * *
The white imp freezes you.
* * * LOW HITPOINT WARNING * * *
It was a potion of flight.
You feel very buoyant.
You fly up into the air.
The white imp gestures at you. The puff of frost hits you!
You die...

####
###...####
......... #
#...#h##.##.#
##5@$#.....
#.....#
##...## ##.##
#.# #.# ##'##
##...##
##.....##


You could see Natasha and a white imp (summoned).

Vanquished Creatures
  Natasha (D:3)
  2 adders (D:2)
  A worm (D:2)
  3 dart slugs
  7 ball pythons
  7 endoplasms
  3 giant cockroaches
  3 hobgoblins
  6 kobolds
  3 quokkas
  5 bats
  3 frilled lizards
  7 goblins
  A rat (D:1)
52 creatures vanquished.

Notes
Turn   | Place    | Note
-------+----------+-------------------------------------------
     0 | D:1      | Yaksher the Tengu Air Elementalist began the quest for the
                  | Orb.
     0 | D:1      | Reached XP level 1. HP: 10/10 MP: 4/4
   206 | D:1      | Reached XP level 2. HP: 15/15 MP: 3/6
   712 | D:1      | Found a faded altar of an unknown god.
   737 | D:1      | Learned a level 2 spell: Static Discharge
  1128 | D:2      | Reached XP level 3. HP: 12/19 MP: 0/7
  1385 | D:2      | Found a shimmering blue altar of Sif Muna.
  1399 | D:2      | Became a worshipper of Sif Muna the Loreminder
  1508 | D:2      | Reached skill level 5 in Air Magic
  1900 | D:2      | Reached XP level 4. HP: 24/24 MP: 4/8
  1905 | D:2      | Learned a level 4 spell: Airstrike
  2442 | D:3      | Noticed Robin
  2542 | D:3      | Noticed Natasha
  2550 | D:3      | Killed Natasha
  2708 | D:3      | Noticed Sigmund
  2997 | D:3      | Reached * piety under Sif Muna
  3154 | D:3      | Noticed Natasha
  3162 | D:3      | Killed from afar by a white imp

Illustrated notes

Levels and vault maps discovered:
D:1:      onia_arrival_mini_maze_b, layout_basic,
          shapermc_ecumenical_altar_hornbeckon
D:2:      layout_loops_ring, basic_altar, lightli_corner_chamber
D:3:      layout_loops_corners, uniq_robin, uniq_natasha, uniq_sigmund

Skill      XL: |  1  2  3  4 |
---------------+-------------+-----
Conjurations   | 2 3 |  3.6
Air Magic      | 5 |  5.6
Dodging        | |  2.2
Stealth        | |  2.2
Spellcasting   | |  2.5

Action                   |  1- 3 |  4- 6 || total
-------------------------+-------+-------++-------
Melee: Short sword       |     3 |     2 ||     5
       Kick              |     1 |     1 ||     2
 Cast: Shock             |    66 |    39 ||   105
       Static Discharge  |     2 |     1 ||     3
  Use: Potion            |       |     1 ||     1
Armor: Robe              |     2 |     1 ||     3
Dodge: Dodged            |     6 |     9 ||    15

Table legend: (Time is in decaauts)
 A = Elapsed time spent in this place.
 B = Non-inter-level travel time spent in this place.
 C = Inter-level travel time spent in this place.
 D = Time resting spent in this place.
 E = Time spent auto-exploring this place.
 F = Levels seen in this place.
 G = Mean time per level.
                   A        B        C        D        E       F      G
               +--------+--------+--------+--------+--------+-----+--------+
         Total |   3178 |   2616 |    562 |      0 |   2356 |   3 | 1059.3 |
       Dungeon |   3178 |   2616 |    562 |      0 |   2356 |   3 | 1059.3 |
               +--------+--------+--------+--------+--------+-----+--------+

Top non-repeatable levels by time:
     D:2: 1499 daAuts
     D:1: 1041 daAuts
     D:3: 637 daAuts
